 Dungeon Crawl Stone Soup version 0.25-a0-42-g6c54e25894 (webtiles) character file.

Game seed: 7375897005026980947, levelgen mode: deterministic

3 Gumption the Grave Robber (level 1, -1/13 HPs)
             Began as a Human Necromancer on Oct 22, 2019.
             Slain by a gnoll
             ... wielding a +0 halberd
              (8 damage)
             ... on level 1 of the Dungeon.
             The game lasted 00:07:08 (509 turns).

Gumption the Grave Robber (Human Necromancer)        Turns: 509, Time: 00:07:09

Health: -1/13      AC:  3    Str:  8    XL:     1   Next: 55%
Magic:  3/3        EV: 12    Int: 15    God:
Gold:   12         SH:  0    Dex: 13    Spells: 2/4 levels left

rFire    . . .     SeeInvis .   a - +0 short sword
rCold    . . .     Gourm    .   (no shield)
rNeg     . . .     Faith    .   c - +0 leather armour
rPois    .         Spirit   .   (no helmet)
rElec    .         Reflect  .   (no cloak)
rCorr    .         Harm     .   (no gloves)
MR       .....                  (no boots)
Stlth    ++........             (no amulet)
HPRegen  0.04/turn              (no ring)
MPRegen  0.08/turn              (no ring)

@: no status effects
A: no striking features
a: no special abilities


You were on level 1 of the Dungeon.
You were not hungry.

You visited 1 branch of the dungeon, and saw 1 of its levels.

You collected 12 gold pieces.

Inventory:

Hand Weapons
 a - a +0 short sword (weapon)
Armour
 c - a +0 leather armour (worn)
Scrolls
 b - a scroll of enchant armour {unknown}
Potions
 d - a potion of brilliance {unknown}
 f - a potion of heal wounds {unknown}
Comestibles
 e - 2 rations


   Skills:
 - Level 2.0 Dodging
 - Level 2.0 Stealth
 + Level 2.0 Spellcasting
 * Level 4.1 Necromancy


You had 2 spell levels left.
You knew the following spells:

 Your Spells              Type           Power        Failure   Level  Hunger
a - Pain                  Necr           ##..         6%          1    #......
b - Animate Skeleton      Necr           N/A          6%          1    #......

Your spell library contained the following spells:

 Spells                   Type           Power        Failure   Level  Hunger
 Vampiric Draining        Necr           ##........   19%         3    ###....
 Regeneration             Chrm/Necr      #.........   38%         3    ###....
 Animate Dead             Necr           N/A          52%         4    #####..


Dungeon Overview and Level Annotations

Branches:
Dungeon (1/15)

Altars:


Message History

Press: ? - help, Shift-Dir - straight line, f/p - bat
Aim: a bat (chance to defeat MR: 83%)
The bat writhes in agony.
You kill the bat!
The frilled lizard barely misses you.
The frilled lizard bites you but does no damage.
Casting: Pain (safe; 6% risk of failure)
Confirm with . or Enter, or press ? or * to list all spells.
Aiming: Pain (safe; 6% risk of failure)
Press: ? - help, Shift-Dir - straight line, f - frilled lizard
Aim: a frilled lizard (chance to defeat MR: 83%)
The frilled lizard writhes in agony.
You kill the frilled lizard!
The gnoll closely misses you. The gnoll misses you.
You see here a frilled lizard corpse.
The gnoll closely misses you.
The gnoll hits you from afar with a +0 halberd!
Ouch! That really hurt!
You die...

#.# #.## #l# ##+## #.# #..#
#.# ####.####.##### #.#
###.............####.#
#.......[.........##.#
.....#.......#.....#.#
......#.....#......#.#####.#
.....g#.....#...............
.......#...#....@...######.#
.#.....#.†.#.....#..#
..##....#.#...g##...#
....##.......##.....#
......#.....#.......#
.........<..........#
......#.....#.......#
....##.......##.....#
..##....#.#....##.....


You could see a gnoll.

Vanquished Creatures
  A bat (D:1)
  2 frilled lizards (D:1)
  A rat (D:1)
4 creatures vanquished.

Notes
Turn   | Place    | Note
-------+----------+-------------------------------------------
     0 | D:1      | Gumption the Human Necromancer began the quest for the Orb.
     0 | D:1      | Reached XP level 1. HP: 13/13 MP: 3/3
     2 | D:1      | Learned a level 1 spell: Animate Skeleton
   509 | D:1      | Slain by a gnoll

Levels and vault maps discovered:
D:1:      minmay_arrival_radiant_lines, layout_loops_corners, minmay_tromino_i4

Action                   || total
-------------------------++-------
Melee: Short sword       ||     6
 Cast: Pain              ||     9
Armor: Leather armour    ||    11
Dodge: Dodged            ||    33

Table legend:
 A = Non-vault XP
 B = Vault XP
 C = Vault XP percentage of total XP
 D = Non-vault monster count
 E = Vault monster count
 F = Vault count percentage of total count
                 A         B        C        D         E       F
            +---------+---------+-------+---------+---------+-------
      Total |       2 |       3 |  60.0 |       2 |       2 |  50.0
            +---------+---------+-------+---------+---------+-------
        D:1 |       2 |       3 |  60.0 |       2 |       2 |  50.0
            +---------+---------+-------+---------+---------+-------
